 Dungeon Crawl Stone Soup version 0.27-a0-1084-g78b3836a5f (webtiles) character file.

Game seed: 6845990469733033873

9256 karrick the Thaumaturge (level 11, 0/73 HPs)
             Began as a Djinni Fire Elementalist on Apr 27, 2021.
             Was a High Priest of Okawaru.
             Slain by a cyan ugly thing (17 damage)
             ... on level 10 of the Dungeon.
             The game lasted 00:48:59 (16283 turns).

karrick the Thaumaturge (Djinni Fire Elementalist) Turns: 16283, Time: 00:49:00

Health: 0/73       AC: 10    Str: 10    XL:     11   Next: 43%
Gold:   589        EV: 16    Int: 17    God:    Okawaru [*****.] SH:  0 Dex: 20

rFire    + + .     SeeInvis .   n - +1 dagger (venom)
rCold    x . .     Faith    .   (no shield)
rNeg     + . .     Spirit   .   w - +0 troll leather armour
rPois    ∞         Reflect  .   F - +0 helmet
rElec    .         Harm     .   N - +2 cloak {rCorr}
rCorr    +         Rampage  .   v - +0 pair of gloves
Will     +....                  (boots unavailable)
Stlth    +++.......             (no amulet)
HPRegen  1.22/turn              E - +6 ring of dexterity
MPRegen  0.00/turn              y - ring of positive energy

@: about to teleport, flying
A: fire resistance 2, cold vulnerability 1, float, innate caster, hp casting,
extra vitality 1
a: Renounce Religion, Heroism, Finesse


You were on level 10 of the Dungeon.
You worshipped Okawaru.
Okawaru was extremely pleased with you.
You visited 2 branches of the dungeon, and saw 12 of its levels.
You also visited: Ossuary.

You collected 748 gold pieces.
You spent 159 gold pieces at shops.

Inventory:

Hand Weapons
 d - a +1 vampiric dagger
 i - a +0 rapier
 n - a +1 dagger of venom (weapon)
 x - a +0 long sword of flaming
 J - a +2 vorpal scimitar
 K - a +2 rapier of flaming
 L - a +2 short sword of venom
 O - a +4 falchion of freezing
Missiles
 M - 2 throwing nets
Armour
 v - a +0 pair of gloves (worn)
 w - a +0 troll leather armour (worn)
 C - a +0 leather armour
 F - a +0 helmet (worn)
 I - +0 steam dragon scales
 N - a +2 cloak of preservation (worn)
 P - a +1 robe of cold resistance
Jewellery
 y - a ring of positive energy (right hand)
 E - a +6 ring of dexterity (left hand)
Wands
 z - a wand of flame (18)
 A - a wand of paralysis (8)
 B - a wand of charming (6)
Scrolls
 b - 2 scrolls of fog
 c - 3 scrolls of identify
 g - a scroll of magic mapping {unknown}
 j - a scroll of teleportation
 l - 3 scrolls of enchant weapon
 m - a scroll of vulnerability {unknown}
 p - a scroll of enchant armour
 q - 2 scrolls of noise
 G - 3 scrolls of amnesia
 H - 2 scrolls of holy word
Potions
 a - 2 potions of might {unknown}
 e - 6 potions of curing
 f - 4 potions of berserk rage {unknown}
 h - 4 potions of attraction {unknown}
 k - 3 potions of brilliance {unknown}
 o - 2 potions of heal wounds {unknown}
 r - 2 potions of degeneration {unknown}
 s - a potion of ambrosia {unknown}
 t - 6 potions of haste {unknown}
 u - 2 potions of flight {unknown}
 D - a potion of magic {unknown}


   Skills:
 + Level 4.1 Fighting
 + Level 4.3 Short Blades
 * Level 4.1 Armour
 + Level 6.7 Dodging
 + Level 5.0 Stealth
 + Level 11.6 Spellcasting


You had 4 spell levels left.
You knew the following spells:

 Your Spells              Type           Power      Damage    Failure   Level
a - Foxfire               Conj/Fire      100%       2x1d9     1%          1
b - Conjure Flame         Conj/Fire      49%        6-21      1%          3
c - Inner Flame           Hex/Fire       49%        N/A       1%          3
d - Sticky Flame          Conj/Fire      49%        2d7       1%          4
e - Fireball              Conj/Fire      24%        3d11      2%          5
f - Magic Dart            Conj           100%       1d8       1%          1
g - Slow                  Hex            49%        N/A       1%          2
h - Ensorcelled Hibernat  Hex/Ice        98%        N/A       1%          2
i - Call Canine Familiar  Summ           49%        N/A       1%          3
j - Metabolic Englaciati  Hex/Ice        24%        N/A       2%          5
Your spell library was empty.

Dungeon Overview and Level Annotations

Branches:
Dungeon (11/15)            Temple (1/1) D:6         Ossuary (visited)
   Lair: D:8-11         Orc: D:9-12

Altars:
Ashenzari
Cheibriados
Dithmenos
Elyvilon
Fedhas
Gozag
Hepliaklqana
Kikubaaqudgha
Makhleb
Nemelex Xobeh
Okawaru
Qazlal
Ru
Sif Muna
Trog
Uskayaw
Vehumet
Wu Jian
Xom
Yredelemnul
Zin
The Shining One
Jiyva

Shops:
D:7 *   D:9 :

Annotations:
D:7 3 runed translucent doors, Zeld's ghost, novice OpCj
D:11 Grum


Innate Abilities, Weirdness & Mutations

You are immune to poison.
Your flesh is very heat resistant. (rF++)
You are vulnerable to cold. (rC-)
You float through the air rather than walking.
You learn spells naturally, not from books.
Your magical power is your life essence.
You have superior vitality. (+4 HP)


Message History

You fly upwards.
Your wolf disappears in a puff of smoke!
There is a stone staircase leading down here.
You fly downwards.
Level annotation: Grum The cyan ugly thing gurgles horribly!
There is a stone staircase leading up here.
Casting: Call Canine Familiar (safe; 1% risk of failure)
Confirm with . or Enter, or press ? or * to list all spells.
You conjure some foxfire!
Casting: Foxfire (safe; 1% risk of failure)
Confirm with . or Enter, or press ? or * to list all spells.
The foxfire hits the cyan ugly thing.
The cyan ugly thing is lightly wounded.
The foxfire hits the cyan ugly thing but does no damage.
The cyan ugly thing is lightly wounded.
Casting: Call Canine Familiar (safe; 1% risk of failure)
Confirm with . or Enter, or press ? or * to list all spells.
Your wolf disappears in a puff of smoke!
Unknown command.
The cyan ugly thing pecks you. The cyan ugly thing shocks you!
You fly upwards.
Your summoned ally is left behind.
There is a stone staircase leading down here.
Unknown command.
Okay, then.
Casting: Call Canine Familiar (safe; 1% risk of failure)
Confirm with . or Enter, or press ? or * to list all spells.
The cyan ugly thing pecks you. The cyan ugly thing shocks you!
Unknown command.
As you read the scroll of teleportation, it crumbles to dust.
You feel strangely unstable. The cyan ugly thing pecks you!
The cyan ugly thing shocks you!
* * * LOW HITPOINT WARNING * * *
Unknown command.
You feel better.
Your wolf barely misses the cyan ugly thing.
The cyan ugly thing pecks you.
* * * LOW HITPOINT WARNING * * *
The cyan ugly thing shocks you!
You die...

#####......#
####.......##.# ##
#.....##.#.##.###.
#.###.............
#.# #....#.##.#...
#.###....#.##.#.##
#...[.........#.##
#uh........####.##
#@†.....#######.##
####...#........##
##.##..........
#.##.......#.#
#..#.......#.#
##.#..(....#.#
#.#........##
#.#..<....###
#.######.####


You could see a cyan ugly thing (ally target) and a friendly wolf (summoned).

Vanquished Creatures
  Harold (D:9)
  2 two-headed ogres
  5 trolls
  Prince Ribbit (D:9)
  6 yaks
  A wyvern (D:8)
  A shadow (D:9)
  2 steam dragons (D:7)
  3 vampire mosquitoes (D:10)
  3 water moccasins
  A hornet zombie (D:7)
  2 ice beasts
  2 orc warriors
  A necrophage (D:5)
  A centaur (D:8)
  An ogre (D:6)
  2 wolves (D:10)
  A phantom (D:6)
  2 elf zombies (Ossuary)
  A bullfrog (D:8)
  2 gnoll sergeants
  A water moccasin zombie (D:7)
  2 howler monkeys
  12 wights
  4 centaur zombies
  A jelly (D:4)
  3 hounds
  2 centaur skeletons
  An orc priest (D:7)
  A gnoll shaman (D:9)
  An iguana (D:4)
  4 orc wizards
  A hound zombie (Ossuary)
  2 hound skeletons
  A mummy (Ossuary)
  2 howler monkey zombies (D:9)
  9 adders
  17 gnolls
  A howler monkey skeleton (D:7)
  An ufetubus (D:4)
  An adder zombie (Ossuary)
  2 worms (D:2)
  2 dart slugs
  25 orcs
  5 bats
  10 endoplasms
  2 giant cockroaches
  8 goblins
  7 hobgoblins
  6 jackals
  8 kobolds
  3 quokkas
  2 ball pythons
  4 frilled lizards
  3 goblin zombies
  2 hobgoblin zombies (Ossuary)
  2 kobold zombies (Ossuary)
  4 quokka zombies (Ossuary)
  6 rats
  3 rat zombies
212 creatures vanquished.

Vanquished Creatures (collateral kills)
  A two-headed ogre (D:11)
  A wraith (D:10)
  A shadow (D:10)
  3 yaks
  A vampire mosquito (D:10)
  An orc warrior (D:8)
  A centaur (D:10)
  An elf zombie (Ossuary)
  2 wights
  A bullfrog zombie (D:7)
  2 centaur zombies (D:7)
  An orc priest (D:9)
  A centaur skeleton (D:7)
  An orc wizard (D:10)
  3 hound zombies (Ossuary)
  2 mummies (Ossuary)
  A howler monkey zombie (D:7)
  A gnoll (D:9)
  2 adder zombies (Ossuary)
  2 gnoll zombies (Ossuary)
  2 goblin zombies (Ossuary)
  2 hobgoblin zombies (Ossuary)
  A jackal zombie (Ossuary)
  3 kobold zombies (Ossuary)
  An orc zombie (Ossuary)
  A rat zombie (Ossuary)
  3 foxfires (D:6)
42 creatures vanquished.

Vanquished Creatures (others)
  A centaur (D:7)
  3 bullfrogs (D:7)
  1128 foxfires
1132 creatures vanquished.

Grand Total: 1386 creatures vanquished

Notes
Turn   | Place    | Note
-------+----------+-------------------------------------------
     0 | D:1      | karrick the Djinni Fire Elementalist began the quest for
                  | the Orb.
     0 | D:1      | Reached XP level 1. HP: 15/15 MP: 0/0
   162 | D:1      | Reached skill level 3 in Spellcasting
   168 | D:1      | Reached XP level 2. HP: 10/21 MP: 0/0
   725 | D:1      | Reached XP level 3. HP: 25/25 MP: 0/0
   725 | D:1      | Learned a level 1 spell: Magic Dart
  1788 | D:2      | Reached XP level 4. HP: 20/31 MP: 0/0
  2374 | D:2      | Reached skill level 1 in Short Blades
  2988 | D:3      | Found a shadowy altar of Dithmenos.
  3251 | D:3      | Reached XP level 5. HP: 24/36 MP: 0/0
  3251 | D:3      | Learned a level 2 spell: Slow
  3389 | D:3      | Reached skill level 4 in Spellcasting
  4162 | D:4      | Reached skill level 1 in Fighting
  4649 | D:4      | Found a hazy altar of Hepliaklqana.
  4716 | D:4      | Reached XP level 6. HP: 36/42 MP: 0/0
  5635 | D:4      | Noticed a black bear
  5696 | D:5      | Entered Level 5 of the Dungeon
  5699 | D:5      | Noticed a necrophage
  5704 | D:5      | Killed a necrophage
  5705 | D:5      | Reached XP level 7. HP: 42/47 MP: 0/0
  5705 | D:5      | Learned a level 2 spell: Ensorcelled Hibernation
  6159 | D:5      | Reached skill level 5 in Spellcasting
  7065 | D:6      | Found a broken altar of Ashenzari.
  7421 | D:6      | Found a staircase to the Ecumenical Temple.
  7430 | Temple   | Entered the Ecumenical Temple
  7594 | Temple   | Became a worshipper of Elyvilon the Healer
  7682 | D:6      | Reached XP level 8. HP: 51/54 MP: 0/0
  8529 | D:7      | Reached skill level 6 in Spellcasting
  8613 | D:7      | Reached * piety under Elyvilon
  9125 | D:7      | Found a stormy altar of Qazlal.
  9134 | D:7      | Found an iron altar of Okawaru.
  9140 | D:7      | Fell from the grace of Elyvilon
  9140 | D:7      | Became a worshipper of Warmaster Okawaru
  9371 | D:7      | Found a shimmering altar of Xom.
  9388 | D:7      | Reached skill level 7 in Spellcasting
  9500 | D:7      | Reached XP level 9. HP: 48/59 MP: 0/0
  9500 | D:7      | Learned a level 3 spell: Call Canine Familiar
  9559 | D:7      | Found a runed translucent gate.
  9559 | D:7      | Found a runed translucent gate.
  9559 | D:7      | Found a runed translucent gate.
  9562 | D:7      | Noticed Zeld's ghost (novice OpCj)
  9590 | D:7      | Found a sacrificial altar of Ru.
  9721 | D:7      | Found a basalt altar of Yredelemnul.
  9836 | D:7      | Found Toqi's Assorted Antiques.
  9841 | D:7      | Bought a viscous yellow potion for 25 gold pieces
  9841 | D:7      | Bought a scroll of teleportation for 84 gold pieces
  9841 | D:7      | Bought a ruby potion for 25 gold pieces
  9841 | D:7      | Bought a glowing silvery potion for 25 gold pieces
 10014 | D:7      | Reached * piety under Okawaru
 10338 | D:8      | Found a glowing silver altar of Zin.
 10386 | D:8      | Reached skill level 5 in Dodging
 10586 | D:8      | Found a sand-covered staircase.
 10602 | Ossuary  | Entered an ossuary
 10779 | Ossuary  | Reached skill level 8 in Spellcasting
 11381 | D:8      | Reached ** piety under Okawaru
 11456 | D:8      | Found a glowing golden altar of the Shining One.
 12104 | D:8      | Reached skill level 9 in Spellcasting
 12315 | D:8      | Noticed a two-headed ogre
 12629 | D:9      | Reached XP level 10. HP: 62/67 MP: 0/0
 13104 | D:9      | Reached *** piety under Okawaru
 13128 | D:9      | Found a sparkling altar of Nemelex Xobeh.
 13143 | D:10     | Entered Level 10 of the Dungeon
 13437 | D:9      | Noticed Prince Ribbit
 13452 | D:9      | Killed Prince Ribbit
 13615 | D:9      | Found Cirpheniz's Book Emporium.
 13641 | D:9      | Noticed Harold
 13775 | D:8      | Killed a two-headed ogre
 13776 | D:8      | Reached skill level 1 in Armour
 13776 | D:8      | Reached skill level 10 in Spellcasting
 13879 | D:8      | Found an opulent altar of Gozag.
 14164 | D:9      | Reached **** piety under Okawaru
 14512 | D:10     | Noticed a two-headed ogre
 14811 | D:10     | Reached ***** piety under Okawaru
 14817 | D:10     | Reached XP level 11. HP: 64/72 MP: 0/0
 14817 | D:10     | Learned a level 5 spell: Metabolic Englaciation
 14850 | D:10     | Reached skill level 11 in Spellcasting
 15375 | D:11     | Noticed Grum
 15375 | D:11     | Noticed a cyan ugly thing
 15451 | D:11     | Noticed a two-headed ogre
 15481 | D:11     | Killed a two-headed ogre
 15522 | D:11     | Noticed a death yak
 15624 | D:9      | Killed Harold
 15750 | D:9      | Killed a two-headed ogre
 15750 | D:9      | Received a gift from Okawaru
 15751 | D:9      | Reached skill level 5 in Stealth
 16232 | D:11     | Noticed a death yak
 16241 | D:11     | Noticed a death yak
 16283 | D:10     | Slain by a cyan ugly thing

Illustrated notes

Levels and vault maps discovered:
D:1:      ncdulo_smallfort, layout_basic
D:2:      layout_basic, kennysheep_decorative_pillar,
          chequers_serial_rivers_small_a, kennysheep_potato
D:3:      kb_forest_paths, layout_rooms, lemuel_tele_altar,
          minmay_quadrilaterals
D:4:      layout_basic, general_overflow_altar, nicolae_overflow_crystal_walls,
          hangedman_glass_teeth, bh_walls_and_bars
D:5:      layout_rooms, hangedman_abyss_or_decor_passed
D:6:      layout_loops_corners, amcnicky_altar_gilded, lemuel_temple_firewalk_a,
          minmay_hedge_maze
D:7:      layout_cave_pods, kennysheep_mini, xom_confusion_cloud,
          nicolae_ru_the_path_less_chosen, nicolae_yredelemnul_corpse_copse,
          okawaru_trees_2, ebering_ghost_rock_garden, serial_shops,
          nicolae_shop_trees, minmay_misc_feat_rugged
D:8:      layout_loops_corners, marbit_many_paths, lemuel_doored_altar,
          nicolae_tso_carved_into_rock, enter_ossuary_4
D:9:      layout_loops_corners, old_standard_altar, serial_shops, shop,
          uniq_harold, uniq_prince_ribbit1
D:10:     layout_loops_cross, kennysheep_big_empty_room
D:11:     layout_cave_pods, dpeg_lair_monsters, erik_orc_4, uniq_grum
Temple:   pf_slime_end_temple

Skill      XL: |  1  2  3  4  5  6  7  8  9 10 11 |
---------------+----------------------------------+-----
Spellcasting   | 3 4 5 7 9 10 11 | 11.6
Stealth        | 2 3 4 5 |  5.0
Short Blades   | 1 2 3 4 |  4.3
Fighting       | 1 2 3 4 |  4.1
Dodging        | 3 4 5 6 |  6.7
Armour         | 3 4 |  4.1

Action                   |  1- 3 |  4- 6 |  7- 9 | 10-12 || total
-------------------------+-------+-------+-------+-------++-------
Melee: Dagger            |    46 |    44 |   106 |    43 ||   239
 Cast: Foxfire           |    58 |   111 |   272 |   236 ||   677
       Magic Dart        |     1 |       |       |       ||     1
       Call Canine Famil |       |       |    11 |    28 ||    39
       Slow              |       |       |       |     2 ||     2
  Use: Scroll            |       |       |     9 |     6 ||    15
       Potion            |       |       |     1 |     1 ||     2
 Stab: Sleeping          |       |     4 |     1 |       ||     5
       Distracted        |       |       |     1 |     1 ||     2
Armor: Robe              |     6 |     7 |    11 |       ||    24
       Steam dragon scal |       |       |    27 |     3 ||    30
       Troll leather arm |       |       |       |    15 ||    15
Dodge: Dodged            |    41 |    31 |   121 |    84 ||   277

Table legend: (Time is in decaauts)
 A = Elapsed time spent in this place.
 B = Non-inter-level travel time spent in this place.
 C = Inter-level travel time spent in this place.
 D = Time resting spent in this place.
 E = Time spent auto-exploring this place.
 F = Levels seen in this place.
 G = Mean time per level.
                   A        B        C        D        E       F      G
               +--------+--------+--------+--------+--------+-----+--------+
         Total |  16285 |  15078 |   1207 |    987 |  10706 |  13 | 1252.7 |
       Dungeon |  15704 |  14535 |   1169 |    987 |  10386 |  11 | 1427.6 |
        Temple |    181 |    143 |     38 |      0 |    139 |   1 |  181.0 |
       Ossuary |    399 |    399 |      0 |      0 |    181 |   1 |  399.0 |
               +--------+--------+--------+--------+--------+-----+--------+

Top non-repeatable levels by time:
     D:8: 2046 daAuts
     D:4: 1951 daAuts
     D:9: 1913 daAuts
     D:6: 1607 daAuts
     D:7: 1587 daAuts
     D:1: 1541 daAuts
     D:3: 1466 daAuts
    D:10: 1446 daAuts
     D:2: 1061 daAuts
     D:5: 960 daAuts
 Ossuary: 399 daAuts
  Temple: 181 daAuts
    D:11: 122 daAuts
